 Dungeon Crawl Stone Soup version 0.21.1-1-g345015f (webtiles) character file.

16 shakethe the Conjurer (level 2, -6/15 HPs)
             Began as a Deep Elf Conjurer on Feb 21, 2018.
             Killed from afar by a dart slug (7 damage)
             ... with a slug dart
             ... on level 1 of the Dungeon.
             The game lasted 00:00:52 (329 turns).

shakethe the Conjurer (Deep Elf Conjurer)            Turns: 329, Time: 00:00:53

Health: -6/15      AC:  2    Str:  5    XL:     2   Next: 37%
Magic:  1/8        EV: 13    Int: 19    God:
Gold:   0          SH:  0    Dex: 15    Spells: 4/7 levels left

rFire    . . .     SeeInvis .   (no weapon)
rCold    . . .     Gourm    .   (no shield)
rNeg     . . .     Faith    .   a - +0 robe
rPois    .         Spirit   .   (no helmet)
rElec    .         Reflect  .   (no cloak)
rCorr    .         Harm     .   (no gloves)
MR       .....                  (no boots)
Stlth    ++........             (no amulet)
HPRegen  0.05/turn              (no ring)
MPRegen  0.11/turn              (no ring)

@: no status effects
A: no striking features
a: no special abilities


You were on level 1 of the Dungeon.
You were not hungry.

You visited 1 branch of the dungeon, and saw 1 of its levels.

Inventory:

Hand Weapons
 f - a +0 dagger
   (You found it on level 1 of the Dungeon)
 g - a +0 dagger
   (You found it on level 1 of the Dungeon)
Armour
 a - a +0 robe (worn)
Scrolls
 d - a scroll of enchant armour {unknown}
Potions
 e - a potion of resistance {unknown}
 h - a potion of brilliance {unknown}
Books
 b - a book of Conjurations
Comestibles
 c - a ration


   Skills:
 + Level 2.9 Dodging
 - Level 2.4 Stealth
 + Level 3.4 Spellcasting
 + Level 4.6 Conjurations


You had 4 spell levels left.
You knew the following spells:

 Your Spells              Type           Power        Failure   Level  Hunger
a - Magic Dart            Conj           ###.         2%          1    None
b - Searing Ray           Conj           ###...       3%          2    ##.....


Dungeon Overview and Level Annotations

Branches:
Dungeon (1/15)

Altars:


Message History

The ooze quivers.
You now have 5/6 mp.
Aim: an ooze (moderately wounded)
The magic dart hits the ooze.
You now have 4/6 mp.
Aim: an ooze (moderately wounded)
The magic dart hits the ooze.
The ooze barely misses you.
You now have 3/6 mp.
Aim: an ooze (severely wounded)
The magic dart hits the ooze.
You kill the ooze!
You have reached level 2!
Health restored: 15 You now have 2/8 mp.
Sorry, you're not good enough to have a special ability.
You can't see any susceptible monsters within range! (Use Z to cast anyway.) Sorry, you're not good enough to have a special ability.
You start resting.
MP restored: 8 You start waiting.
Done waiting.
Memorise Searing Ray, consuming 2 spell levels and leaving 4?
You start memorising the spell.
You continue memorising. x2
You finish memorising.
Spell assigned to 'b'.
Found two escape hatches in the floor.
There is an escape hatch in the floor here.
d - a scroll labeled WEAMIC COAQORGH
e - a fuming blue potion A bat comes into view.
Aim: a bat (resting)
The magic dart hits the bat.
You now have 7/8 mp.
A bat is nearby!
Aim: a bat The magic dart hits the bat.
The bat misses you.
You now have 6/8 mp.
Aim: a bat (moderately wounded)
The magic dart hits the bat.
You kill the bat!
You now have 5/8 mp.
An ooze comes into view.
An ooze is nearby!
An ooze is nearby!
Aim: an ooze (resting)
The magic dart hits the ooze.
The ooze quivers.
You now have 4/8 mp.
Aim: an ooze (lightly wounded)
The magic dart hits the ooze.
You now have 3/8 mp.
Aim: an ooze (severely wounded)
The magic dart hits the ooze.
You now have 2/8 mp.
Aim: an ooze (severely wounded)
The magic dart hits the ooze.
You kill the ooze!
f - a dagger
g - a dagger
h - a purple potion A dart slug comes into view.
Aim: a dart slug (resting)
The magic dart hits the dart slug.
The dart slug launches a dart at you. The slug dart misses you.
You now have 2/8 mp.
Aim: a dart slug The magic dart hits the dart slug.
You now have 1/8 mp.
Aim: a dart slug (heavily wounded)
The magic dart hits the dart slug.
You now have 0/8 mp.
You don't have enough magic to cast that spell.
The dart slug launches a dart at you. The slug dart hits you!
You take 4 damage, and have 11/15 hp.
MASSIVE DAMAGE!!
Aim: a dart slug (severely wounded)
The magic dart hits the dart slug.
You now have 0/8 mp.
You don't have enough magic to cast that spell.
The dart slug launches a dart at you. The slug dart misses you.
The dart slug misses you.
A rat comes into view.
The dart slug launches a dart at you. The slug dart hits you!
You take 5 damage, and have 6/15 hp.
MASSIVE DAMAGE!!
Aim: a dart slug (severely wounded)
The magic dart hits the dart slug.
The rat barely misses you.
You now have 0/8 mp.
The dart slug launches a dart at you. The slug dart hits you!
* * * LOW HITPOINT WARNING * * *
You take 6 damage, and have 1/15 hp.
MASSIVE DAMAGE!!
The rat bites you but does no damage. The dart slug launches a dart at you.
The slug dart hits you!
You die...

##...(.#.....................#
..............##..##>#<#..##.#
.................. ###.....#
..............##.# ##.##.#
...............### ###..#
..............##.## ##.##.#
...........w......######.....#
..............##..#>#>##..##.#
........###..r.@.............#
........# #..########.########
.[..... #.............#
....... #...######.##.# #####
#..#######.##.#
#.............#
##.#######.#### #.# ..# #.#
.##


You could see a dart slug and a rat.

Vanquished Creatures
  3 oozes (D:1)
  A bat (D:1)
  A rat (D:1)
5 creatures vanquished.

Notes
Turn   | Place    | Note
-------+----------+-------------------------------------------
     0 | D:1      | shakethe the Deep Elf Conjurer began the quest for the Orb.
     0 | D:1      | Reached XP level 1. HP: 10/10 MP: 6/6
   106 | D:1      | Reached XP level 2. HP: 15/15 MP: 2/8
   261 | D:1      | Learned a level 2 spell: Searing Ray
   325 | D:1      | HP: 1/15 [dart slug/slug dart (6)]
   329 | D:1      | Killed from afar by a dart slug

Action                   || total
-------------------------++-------
 Cast: Magic Dart        ||    21
Armor: Robe              ||     2
Dodge: Dodged            ||     8

Vault maps used:
D:1:      onia_arrival_handbag

Table legend:
 A = Turns spent in this place as a percentage of turns spent in the entire game.
 B = Non-inter-level travel turns spent in this place as a percentage of non-inter-level travel turns spent in the entire game.
 C = Inter-level travel turns spent in this place as a percentage of turns spent in this place.
 D = Turns resting spent in this place as a percentage of non-inter-level travel turns spent in this place.
 E = Turns spent auto-exploring this place as a percentage of non-inter-level travel turns spent in this place.
 F = Non-inter-level travel turns spent in this place divided by the number of levels of this place that you've seen.
                   A       B       C       D       E      F
               +-------+-------+-------+-------+-------+----------------------
         Total | 100.0 | 100.0 |   0.0 |  72.6 |  10.0 | 329.0
       Dungeon | 100.0 | 100.0 |   0.0 |  72.6 |  10.0 | 329.0
               +-------+-------+-------+-------+-------+----------------------

Table legend:
 A = Kills in this place as a percentage of kills in entire the game.
 B = Kills by you in this place as a percentage of kills by you in the entire game.
 C = Kills by friends in this place as a percentage of kills by friends in the entire game.
 D = Other kills in this place as a percentage of other kills in the entire game.
 E = Experience gained in this place as a percentage of experience gained in the entire game.
 F = Experience gained in this place divided by the number of levels of this place that you have seen.
                   A       B       C       D       E      F
               +-------+-------+-------+-------+-------+----------------------
         Total | 100.0 | 100.0 |   N/A |   N/A | 100.0 |  23.0
       Dungeon | 100.0 | 100.0 |   N/A |   N/A | 100.0 |  23.0
               +-------+-------+-------+-------+-------+----------------------
